 Dungeon Crawl Stone Soup version 0.20.1-1-g8b1a95d66d (webtiles) character file.

10997 jpmcintyre the Basher (level 11, -2/71 HPs)
             Began as a Gargoyle Berserker on Dec 29, 2017.
             Was a High Priest of Trog.
             Slain by a wolf (6 damage)
             ... on level 2 of the Lair of Beasts on Jan 18, 2018.
             The game lasted 00:51:10 (8016 turns).

jpmcintyre the Basher (Gargoyle Berserker)          Turns: 8016, Time: 00:51:10

Health: -2/71      AC: 16    Str: 29    XL:     11   Next: 70%
Magic:  0/11       EV: 15    Int:  8    God:    Trog [*****.]
Gold:   675        SH:  0    Dex:  9    Spells: 10/10 levels left

rFire    . . .     SeeInvis +   z - +2 flail (freeze)
rCold    . . .     Gourm    .   (no shield)
rNeg     + . .     Faith    .   l - +1 troll leather armour {Purgy}
rPois    ∞         Spirit   +   w - +1 hat {MR+}
rElec    +         Reflect  .   f - scarf {Spirit}
rCorr    .         Harm     .   e - +0 pair of gloves
MR       +....                  (no boots)
Stlth    ++........             d - amulet of regeneration
Regen    1.1/turn               b - ring of see invisible
MPRegen  0.2/turn               j - ring of poison resistance

@: mighty, berserk cooldown, slowed, very slow
A: hooves 1, negative energy resistance 1, shaggy fur 1, electricity resistance,
unbreathing, petrification resistance, rot immunity, AC +7
a: Berserk, Trog's Hand, Brothers in Arms, Burn Spellbooks, Renounce Religion


You were on level 2 of the Lair of Beasts.
You worshipped Trog.
Trog was extremely pleased with you.
You were hungry.

You visited 2 branches of the dungeon, and saw 10 of its levels.
You also visited: Sewer and Ossuary.

You collected 675 gold pieces.

Inventory:

Hand Weapons
 r - a +3 hunting sling of flaming
 z - a +2 flail of freezing (weapon)
Missiles
 h - 46 stones (quivered)
Armour
 e - a +0 pair of gloves (worn)
 f - a scarf of spirit shield (worn)
 l - a +1 troll leather armour (worn) {Purgy}
 w - a +1 hat of magic resistance (worn)
Jewellery
 b - a ring of see invisible (left hand)
 d - an amulet of regeneration (around neck)
 j - a ring of poison resistance (right hand)
Wands
 o - a wand of flame (29/48)
Scrolls
 n - 2 scrolls of identify
 q - 6 scrolls of remove curse
 s - 2 scrolls of teleportation
 v - 2 scrolls of magic mapping
Potions
 a - a potion of ambrosia
 k - 3 potions of haste
 p - a potion of agility
 t - 3 potions of might
Comestibles
 c - 4 bread rations
 g - 8 meat rations
 i - a chunk of flesh
 m - 3 royal jellies


   Skills:
 + Level 9.2 Fighting
 + Level 12.6 Maces & Flails
 + Level 6.4 Armour
 + Level 7.3 Dodging
 + Level 4.2 Stealth


You had 10 spell levels left.
You didn't know any spells.

Dungeon Overview and Level Annotations

Branches:
Dungeon (8/15)             Temple (0/1) D:7            Lair (2/6) D:8
  Swamp: Lair:2-4    Shoals: Lair:2-4     Snake: Lair:2-4    Spider: Lair:2-4

Altars:
Ashenzari
Elyvilon
Hepliaklqana
Kikubaaqudgha
Okawaru
Uskayaw
Yredelemnul
The Shining One


Innate Abilities, Weirdness & Mutations

You are resistant to torment.
Your stone body is resilient. (AC +7)
You are immune to poison.
You resist negative energy. (rN+)
You are resistant to electric shocks. (rElec)
You can survive without breathing.
You are immune to petrification.
You are immune to rotting.
You have large cloven feet.
You are covered in fur. (AC +1)


Message History

You kill the spiny frog!
Trog accepts your kill. The death yak gores you!
You barely miss the porcupine. You kick the porcupine!
The porcupine is severely wounded.
You are no longer berserk.
You are exhausted.
You feel yourself slow down. The porcupine completely misses you.
You are struck by the porcupine's spines.
You sock the porcupine! You freeze the porcupine.
You kill the porcupine!
Trog accepts your kill. The death yak gores you!
* * * LOW HITPOINT WARNING * * *
The death yak gores you!
* * * LOW HITPOINT WARNING * * *
The death yak gores you but does no damage.
You feel very mighty all of a sudden. The wolf bites you.
You die...

..........#.#.....
Y.........P.......
#.................
P....?............
..................
#..#..P.#.........
.........tth.#PP#.
.......hYhYF......
...###.##@####....
... ## ### .... ..
..


You could see 2 death yaks, a spiny frog, 2 crocodiles and 3 wolves.

Vanquished Creatures
  Gastronok (D:8)
  A hydra (Lair:1)
  A centaur warrior (D:7)
  2 death yaks (Lair:2)
  Pikel (D:6)
  A spiny frog (Lair:2)
  A komodo dragon (Lair:1)
  2 hippogriffs
  A shadow (D:8)
  7 yaks (Lair:1)
  Menkaure (D:6)
  A water moccasin (Lair:1)
  4 porcupines
  A hornet zombie (Ossuary)
  An orc warrior (D:6)
  A sky beast (D:8)
  The ghost of Pixllover the Cudgeler, an amateur MiBe of Trog (D:3)
  Purgy (Sewer)
  A phantom (D:5)
  3 ogres
  2 centaurs
  A wolf (Lair:2)
  3 crocodiles (Lair:1)
  A big kobold (D:8)
  Blork the orc (D:5)
  5 bullfrogs
  A wyvern zombie (Ossuary)
  4 wights (D:8)
  7 crimson imps
  2 howler monkeys
  5 centaur zombies
  4 bullfrog zombies (Ossuary)
  4 hounds
  3 jellies
  3 orc wizards
  3 orc priests (D:5)
  A centaur skeleton (D:8)
  A gnoll shaman (D:6)
  4 iguanas
  Natasha (twice) (D:4)
  4 worker ants
  A killer bee zombie (Ossuary)
  2 hound zombies (Ossuary)
  16 mummies
  5 worker ant zombies
  4 gnolls
  6 adders
  3 shadow imps
  6 adder zombies
  3 worms
  3 adder skeletons (D:6)
  3 dart slugs
  5 leopard geckos
  17 orcs
  6 bats
  2 bat zombies (D:4)
  6 giant cockroaches
  10 goblins
  9 hobgoblins
  12 jackals
  16 kobolds
  3 quokkas
  5 frilled lizards
  A leopard gecko skeleton (D:5)
  A leopard gecko zombie (Ossuary)
  A quokka zombie (D:7)
  11 rats
  3 rat zombies (D:4)
  2 plants (D:4)
  4 withered plants (D:3)
260 creatures vanquished.

Vanquished Creatures (others)
  A slave (D:6)
  A centaur zombie (D:6)
  An iguana (D:6)
  A gnoll (D:6)
  4 jackals (D:6)
  2 withered plants (Ossuary)
10 creatures vanquished.

Grand Total: 270 creatures vanquished

Notes
Turn   | Place    | Note
-------+----------+-------------------------------------------
     0 | D:1      | jpmcintyre the Gargoyle Berserker began the quest for the Orb.
     0 | D:1      | Reached XP level 1. HP: 14/14 MP: 1/1
   100 | D:1      | Reached XP level 2. HP: 13/19 MP: 2/2
   579 | D:1      | Reached XP level 3. HP: 21/24 MP: 3/3
   828 | D:2      | Reached XP level 4. HP: 29/29 MP: 4/4
   832 | D:2      | Reached ** piety under Trog
   887 | D:2      | Gained mutation: You are somewhat resistant to further mutation. [potion of mutation]
   887 | D:2      | Gained mutation: You possess an exceptional clarity of mind. [potion of mutation]
   905 | D:2      | Found a glowing golden altar of the Shining One.
   930 | D:2      | Reached skill level 4 in Maces & Flails
  1075 | D:2      | Lost mutation: You are somewhat resistant to further mutation. [potion of mutation]
  1075 | D:2      | Lost mutation: You possess an exceptional clarity of mind. [potion of mutation]
  1075 | D:2      | Gained mutation: You can translocate small distances at will. [potion of mutation]
  1075 | D:2      | Lost mutation: You can translocate small distances at will. [potion of mutation]
  1075 | D:2      | Gained mutation: You are covered in fur. (AC +1) [potion of mutation]
  1075 | D:2      | Gained mutation: You have large cloven feet. [potion of mutation]
  1263 | D:3      | Noticed Pixllover's ghost (amateur MiBe)
  1298 | D:3      | Killed Pixllover's ghost
  1298 | D:3      | Reached XP level 5. HP: 31/33 MP: 5/5
  1437 | D:3      | Found a glowing drain.
  1458 | Sewer    | Entered a sewer
  1476 | Sewer    | Noticed Purgy
  1494 | Sewer    | Killed Purgy
  1494 | Sewer    | Reached skill level 5 in Maces & Flails
  1494 | Sewer    | Reached XP level 6. HP: 38/38 MP: 6/6
  1995 | D:3      | Reached *** piety under Trog
  2043 | D:3      | Found a basalt altar of Yredelemnul.
  2336 | D:3      | Found a white marble altar of Elyvilon.
  2339 | D:3      | Found an iron altar of Okawaru.
  2493 | D:4      | Noticed Natasha
  2500 | D:4      | Killed Natasha
  2557 | D:4      | Found an ancient bone altar of Kikubaaqudgha.
  2708 | D:4      | Noticed Natasha
  2727 | D:4      | Killed Natasha
  2861 | D:4      | Reached XP level 7. HP: 39/44 MP: 7/7
  3111 | D:5      | Entered Level 5 of the Dungeon
  3149 | D:5      | Noticed Blork the orc
  3164 | D:5      | Killed Blork the orc
  3164 | D:5      | Reached skill level 6 in Maces & Flails
  3233 | D:5      | Reached skill level 1 in Stealth
  3257 | D:5      | Found a sand-covered staircase.
  3267 | Ossuary  | Entered an ossuary
  3301 | Ossuary  | Reached **** piety under Trog
  3443 | Ossuary  | Reached XP level 8. HP: 25/48 MP: 8/8
  3465 | Ossuary  | Reached skill level 5 in Fighting
  3476 | Ossuary  | Reached skill level 7 in Maces & Flails
  3952 | D:5      | Reached skill level 8 in Maces & Flails
  4158 | D:5      | Reached ***** piety under Trog
  4158 | D:5      | Reached XP level 9. HP: 55/55 MP: 9/9
  4241 | D:5      | Found a hide-covered altar of Uskayaw.
  4429 | D:5      | Reached skill level 5 in Armour
  4645 | D:6      | Noticed Pikel
  4668 | D:6      | Killed Pikel
  4668 | D:6      | Reached skill level 9 in Maces & Flails
  4897 | D:6      | Noticed Menkaure
  4903 | D:6      | Killed Menkaure
  4945 | D:6      | Reached skill level 5 in Dodging
  5321 | D:6      | Found a shattered altar of Ashenzari.
  5717 | D:7      | Found a staircase to the Ecumenical Temple.
  5773 | D:7      | Reached skill level 10 in Maces & Flails
  5920 | D:7      | Reached XP level 10. HP: 19/61 MP: 10/10
  6171 | D:7      | Noticed a centaur warrior
  6186 | D:7      | Killed a centaur warrior
  6447 | D:8      | Found a staircase to the Lair.
  6484 | D:8      | Noticed Gastronok
  6510 | D:8      | Killed Gastronok
  6510 | D:8      | Reached skill level 11 in Maces & Flails
  6728 | D:8      | Found a hazy altar of Hepliaklqana.
  6967 | D:8      | Received a gift from Trog
  7092 | Lair:1   | Entered Level 1 of the Lair of Beasts
  7096 | Lair:1   | Reached XP level 11. HP: 68/68 MP: 11/11
  7192 | Lair:1   | Noticed a four-headed hydra
  7206 | Lair:1   | Killed a four-headed hydra
  7358 | Lair:1   | Reached skill level 12 in Maces & Flails
  7982 | Lair:2   | Noticed a death yak
  7982 | Lair:2   | Noticed a death yak
  7983 | Lair:2   | Noticed a death yak
  7987 | Lair:2   | Noticed a death yak
  8003 | Lair:2   | Killed a death yak
  8009 | Lair:2   | Killed a death yak
  8015 | Lair:2   | HP: 3/71 [death yak (13)]
  8016 | Lair:2   | Slain by a wolf

Skill      XL: |  1  2  3  4  5  6  7  8  9 10 11 |
---------------+----------------------------------+-----
Fighting       | 4 5 6 8 9 |  9.2
Maces & Flails | 4 5 6 8 10 11 12 | 12.6
Armour         | 3 4 5 6 |  6.4
Dodging        | 2 3 4 5 6 7 |  7.3
Stealth        | 1 3 4 |  4.2

Action                   |  1- 3 |  4- 6 |  7- 9 | 10-12 || total
-------------------------+-------+-------+-------+-------++-------
Melee: Mace              |    74 |   343 |   566 |       ||   983
       Kick              |       |    81 |   166 |    93 ||   340
       Flail             |       |       |    54 |   297 ||   351
Invok: Berserk           |       |       |     2 |     1 ||     3
  Use: Potion            |     3 |     5 |     4 |     4 ||    16
       Scroll            |     3 |     4 |    13 |     7 ||    27
 Stab: Invisible         |       |       |     1 |       ||     1
       Distracted        |       |       |       |     1 ||     1
       Sleeping          |       |       |       |     1 ||     1
  Eat: Chunk             |       |     7 |     5 |     7 ||    19
       Bread ration      |       |       |     2 |       ||     2
Armor: Animal skin       |    32 |       |       |       ||    32
       Ring mail         |    13 |    68 |       |       ||    81
       Plate armour      |       |   164 |       |       ||   164
       Troll leather arm |       |    81 |   253 |    93 ||   427
Dodge: Dodged            |    80 |   279 |   405 |   203 ||   967
